PL
BOSTON PATRIOTS @ CALIFORNIA OCEANLINERS
10/01/2018
 
TOP OF THE 1ST
Boston Patriots batting - Pitching for California Oceanliners : RHP Yoriyoshi Yamamoto
Pitching: RHP Yoriyoshi Yamamoto
Batting: LHB Michael Greene 0-0: Ball
1-0: Ball
2-0: Fly out, F7 (Popup, 7S)
Batting: RHB Tommy Jones 0-0: Ball
1-0: Fly out, F7 (Flyball, 7D)
Batting: RHB Bob Campbell 0-0: DOUBLE (Flyball, 78D)
Batting: LHB Bill Chambers 0-0: Foul Ball, location: 2F
0-1: Called Strike
0-2: Fly out, F5 (Popup, 5S)
Top of the 1st over - 0 run(s), 1 hit(s), 0 error(s), 1 left on base; Boston 0 - California 0
BOTTOM OF THE 1ST
California Oceanliners batting - Pitching for Boston Patriots : LHP Kyle Lewis
Pitching: LHP Kyle Lewis
Batting: SHB Todd Schenkel 0-0: Called Strike
0-1: Ground out 6-3 (Groundball, 6)
Batting: LHB Kelly Brown 0-0: Foul Ball, location: 2F
0-1: Swinging Strike
0-2: Foul Ball, location: 2F
0-2: Strikes out swinging
Batting: RHB Takeru Sanu 0-0: Called Strike
0-1: Ball
1-1: Ball
2-1: Swinging Strike
2-2: Strikes out swinging
Bottom of the 1st over - 0 run(s), 0 hit(s), 0 error(s), 0 left on base; Boston 0 - California 0
TOP OF THE 2ND
Boston Patriots batting - Pitching for California Oceanliners : RHP Yoriyoshi Yamamoto
Batting: RHB Manuel Villarreal 0-0: Called Strike
0-1: Called Strike
0-2: Strikes out swinging
Batting: LHB Luis Rodríguez 0-0: Called Strike
0-1: Swinging Strike
0-2: Foul Ball, location: 2F
0-2: Foul Ball, location: 2F
0-2: Ball
1-2: Strikes out looking
Batting: LHB Chad Armstrong 0-0: Ball
1-0: Swinging Strike
1-1: SOLO HOME RUN (Flyball, 9LD), Distance : 320 ft
Batting: RHB Bob Heller 0-0: Ball
1-0: Ground out 6-3 (Groundball, 6M)
Top of the 2nd over - 1 run(s), 1 hit(s), 0 error(s), 0 left on base; Boston 1 - California 0
BOTTOM OF THE 2ND
California Oceanliners batting - Pitching for Boston Patriots : LHP Kyle Lewis
Batting: LHB Pedro Willis 0-0: Ball
1-0: Called Strike
1-1: Swinging Strike
1-2: Strikes out swinging
Batting: RHB Dave King 0-0: Ball
1-0: Foul Ball, location: 2F
1-1: Ball
2-1: Ball
3-1: Base on Balls
Batting: LHB Keith Bridges 0-0: Ball
1-0: Foul Ball, location: 2F
1-1: Called Strike
1-2: Ball
2-2: Grounds into double play, 6-4-3 (Groundball, 6)
Bottom of the 2nd over - 0 run(s), 0 hit(s), 0 error(s), 0 left on base; Boston 1 - California 0
TOP OF THE 3RD
Boston Patriots batting - Pitching for California Oceanliners : RHP Yoriyoshi Yamamoto
Batting: LHB Kyle Lewis 0-0: Foul Ball, location: 2F
0-1: Ball
1-1: Swinging Strike
1-2: Strikes out swinging
Batting: LHB Michael Greene 0-0: Swinging Strike
0-1: Called Strike
0-2: Fly out, F6 (Line Drive, 6)
Batting: RHB Tommy Jones 0-0: Ball
1-0: Ground out 6-3 (Groundball, 6)
Top of the 3rd over - 0 run(s), 0 hit(s), 0 error(s), 0 left on base; Boston 1 - California 0
BOTTOM OF THE 3RD
California Oceanliners batting - Pitching for Boston Patriots : LHP Kyle Lewis
Batting: RHB Louis Henderson 0-0: Called Strike
0-1: Ball
1-1: Foul Ball, location: 2F
1-2: Ground out 6-3 (Groundball, 6M)
Batting: RHB Kevin Jackson 0-0: Ball
1-0: Called Strike
1-1: Ground out 4-3 (Groundball, 4)
Batting: RHB Yoriyoshi Yamamoto 0-0: Fly out, F8 (Flyball, 8RM)
Bottom of the 3rd over - 0 run(s), 0 hit(s), 0 error(s), 0 left on base; Boston 1 - California 0
TOP OF THE 4TH
Boston Patriots batting - Pitching for California Oceanliners : RHP Yoriyoshi Yamamoto
Batting: RHB Bob Campbell 0-0: Ball
1-0: SOLO HOME RUN (Flyball, 78XD), Distance : 439 ft
Batting: LHB Bill Chambers 0-0: Ball
1-0: Ball
2-0: Ball
3-0: Base on Balls
Batting: RHB Manuel Villarreal 0-0: Ball
1-0: Ball
2-0: Ball
3-0: Base on Balls
Bill Chambers to second
Batting: LHB Luis Rodríguez 0-0: Fly out, F5 (Popup, 5SF)
Batting: LHB Chad Armstrong 0-0: Swinging Strike
0-1: Ball
1-1: Foul Ball, location: 2F
1-2: Ball
2-2: Ball
3-2: Strikes out looking
Batting: RHB Bob Heller 0-0: Called Strike
0-1: Foul Ball, location: 2F
0-2: Strikes out swinging
Top of the 4th over - 1 run(s), 1 hit(s), 0 error(s), 2 left on base; Boston 2 - California 0
BOTTOM OF THE 4TH
California Oceanliners batting - Pitching for Boston Patriots : LHP Kyle Lewis
Batting: SHB Todd Schenkel 0-0: Swinging Strike
0-1: Called Strike
0-2: Strikes out swinging
Batting: LHB Kelly Brown 0-0: Foul Ball, location: 2F
0-1: Ball
1-1: Ground out 1-3 (Groundball, 25)
Batting: RHB Takeru Sanu 0-0: Ball
1-0: SINGLE (Line Drive, 34D)
Batting: LHB Pedro Willis 0-0: Called Strike
0-1: Ball
1-1: Foul Ball, location: 2F
1-2: Ball
2-2: Strikes out swinging
Bottom of the 4th over - 0 run(s), 1 hit(s), 0 error(s), 1 left on base; Boston 2 - California 0
TOP OF THE 5TH
Boston Patriots batting - Pitching for California Oceanliners : RHP Yoriyoshi Yamamoto
Batting: LHB Kyle Lewis 0-0: Called Strike
0-1: Ball
1-1: Ball
2-1: Ball
3-1: Ground out 4-3 (Groundball, 4)
Batting: LHB Michael Greene 0-0: Ball
1-0: Foul Ball, location: 2F
1-1: Swinging Strike
1-2: Ball
2-2: Foul Ball, location: 2F
2-2: Ground out 4-3 (Groundball, 34)
Batting: RHB Tommy Jones 0-0: SINGLE (Line Drive, 7S)
Batting: RHB Bob Campbell 0-0: Called Strike
Pickoff Throw to First - Error! E1
Tommy Jones to second
0-1: Foul Ball, location: 2F
0-2: Foul Ball, location: 2F
0-2: Ball
1-2: Foul Ball, location: 2F
1-2: Fly out, F4 (Popup, 34)
Top of the 5th over - 0 run(s), 1 hit(s), 1 error(s), 1 left on base; Boston 2 - California 0
BOTTOM OF THE 5TH
California Oceanliners batting - Pitching for Boston Patriots : LHP Kyle Lewis
Batting: RHB Dave King 0-0: Ball
1-0: Ball
2-0: Ball
3-0: Called Strike
3-1: SINGLE (Groundball, 56)
Batting: LHB Keith Bridges 0-0: Ball
1-0: Ball
2-0: Swinging Strike
2-1: SINGLE (Line Drive, 7S)
Dave King to second
Batting: RHB Louis Henderson 0-0: Ball
1-0: Called Strike
1-1: Ball
2-1: Ball
3-1: Base on Balls
Dave King to third
Keith Bridges to second
Batting: RHB Kevin Jackson 0-0: Ball
1-0: Foul Ball, location: 2F
1-1: Swinging Strike
1-2: Ball
2-2: Foul Ball, location: 2F
2-2: Ball
3-2: Foul Ball, location: 2F
3-2: Base on Balls
Dave King scores
Keith Bridges to third
Louis Henderson to second
Batting: RHB Yoriyoshi Yamamoto 0-0: Ground out 5-3 (Groundball, 56S)
Keith Bridges scores
Louis Henderson to third
Kevin Jackson to second
Batting: SHB Todd Schenkel 0-0: Fly out, F9 (Flyball, 9LM)
Runner from 3rd tags up, SCORES, no throw
Batting: LHB Kelly Brown 0-0: Ball
1-0: Ground out U3 (Groundball, 3)
Bottom of the 5th over - 3 run(s), 2 hit(s), 0 error(s), 1 left on base; Boston 2 - California 3
TOP OF THE 6TH
Boston Patriots batting - Pitching for California Oceanliners : RHP Yoriyoshi Yamamoto
Batting: LHB Bill Chambers 0-0: Ball
1-0: Ball
2-0: Ball
3-0: Base on Balls
Batting: RHB Manuel Villarreal 0-0: Ball
1-0: Ball
2-0: Called Strike
2-1: Called Strike
2-2: Strikes out swinging
Batting: LHB Luis Rodríguez 0-0: Ground out U3 (Groundball, 3)
Bill Chambers to second
Batting: LHB Chad Armstrong 0-0: Ball
1-0: Ball
2-0: Called Strike
2-1: Fly out, F4 (Popup, 34D)
Top of the 6th over - 0 run(s), 0 hit(s), 0 error(s), 1 left on base; Boston 2 - California 3
BOTTOM OF THE 6TH
California Oceanliners batting - Pitching for Boston Patriots : LHP Kyle Lewis
Batting: RHB Takeru Sanu 0-0: Called Strike
0-1: Ground out 6-3 (Groundball, 6)
Batting: LHB Pedro Willis 0-0: Ball
1-0: Ground out U3 (Groundball, 3L)
Batting: RHB Dave King 0-0: Ball
1-0: Called Strike
1-1: Foul Ball, location: 2F
1-2: Ball
2-2: Ball
3-2: Base on Balls
Batting: LHB Keith Bridges 0-0: Swinging Strike
0-1: Ball
1-1: DOUBLE (Line Drive, 9LS)
Dave King to third
Batting: RHB Louis Henderson 0-0: Ball
1-0: Foul Ball, location: 2F
1-1: Foul Ball, location: 2F
1-2: Ball
2-2: Ball
3-2: Ground out 6-3 (Groundball, 6M)
Bottom of the 6th over - 0 run(s), 1 hit(s), 0 error(s), 2 left on base; Boston 2 - California 3
TOP OF THE 7TH
Boston Patriots batting - Pitching for California Oceanliners : RHP Yoriyoshi Yamamoto
Batting: RHB Bob Heller 0-0: Ball
1-0: Swinging Strike
1-1: SINGLE (Line Drive, 78S)
Batting: LHB Kyle Lewis 0-0: Bunted foul
0-1: Ball
1-1: Sac Bunt - play at first, batter OUT! 1-4
Bob Heller to second
Batting: LHB Michael Greene 0-0: Swinging Strike
0-1: Ball
1-1: Foul Ball, location: 2F
1-2: Strikes out swinging
Batting: RHB Tommy Jones 0-0: Called Strike
0-1: Ball
1-1: Ground out 6-3 (Groundball, 6)
Top of the 7th over - 0 run(s), 1 hit(s), 0 error(s), 1 left on base; Boston 2 - California 3
BOTTOM OF THE 7TH
California Oceanliners batting - Pitching for Boston Patriots : LHP Kyle Lewis
Batting: RHB Kevin Jackson 0-0: Ball
1-0: Ground out 5-3 (Groundball, 5)
Pinch Hitting: RHB Mark Ross 0-0: Ball
1-0: Ground out 5-3 (Groundball, 5S)
Batting: SHB Todd Schenkel 0-0: Ground out 6-3 (Groundball, 6)
Bottom of the 7th over - 0 run(s), 0 hit(s), 0 error(s), 0 left on base; Boston 2 - California 3
TOP OF THE 8TH
Boston Patriots batting - Pitching for California Oceanliners : RHP Yoriyoshi Yamamoto
Pitching: LHP Manuel Rojas
Batting: RHB Bob Campbell 0-0: Swinging Strike
0-1: Swinging Strike
0-2: Fly out, F7 (Line Drive, 78M)
Batting: LHB Bill Chambers 0-0: Fly out, F9 (Flyball, 89D)
Pitching: RHP Ryan Davis
Batting: RHB Manuel Villarreal 0-0: Fly out, F8 (Flyball, 8LD)
Top of the 8th over - 0 run(s), 0 hit(s), 0 error(s), 0 left on base; Boston 2 - California 3
BOTTOM OF THE 8TH
California Oceanliners batting - Pitching for Boston Patriots : LHP Kyle Lewis
Batting: LHB Kelly Brown 0-0: Reached on error, E6 (Groundball, 6)
Batting: RHB Takeru Sanu 0-0: Ball
1-0: Ball
2-0: Called Strike
2-1: Swinging Strike
2-2: Ball
3-2: Foul Ball, location: 2F
3-2: Base on Balls
Kelly Brown to second
Pinch Hitting: RHB Mike Lewis 0-0: Called Strike
0-1: Ball
1-1: Ball
2-1: Swinging Strike
2-2: Strikes out swinging
Batting: RHB Dave King 0-0: Ball
1-0: Ball
Wild Pitch!
Kelly Brown to third
Takeru Sanu to second
2-0: Intentional Walk
Batting: LHB Keith Bridges 0-0: Called Strike
0-1: Ball
1-1: Ball
2-1: Foul Ball, location: 2F
2-2: Fly out, F9 (Line Drive, 89XD)
Runner from 3rd tags up, SCORES, no throw
Pitching: RHP Earnest Casey
Pinch Hitting: LHB Nick Leonard 0-0: Called Strike
0-1: Called Strike
0-2: Foul Ball, location: 2F
0-2: Foul Ball, location: 2F
0-2: Ball
1-2: Ground out 1-3 (Groundball, 15)
Bottom of the 8th over - 1 run(s), 0 hit(s), 1 error(s), 2 left on base; Boston 2 - California 4
TOP OF THE 9TH
Boston Patriots batting - Pitching for California Oceanliners : RHP Ryan Davis
Pitching: RHP Ted Locke
Now at 1B: Nick Leonard
Now in LF: En-lai Gao
Now in RF: Mike Lewis
Batting: LHB Luis Rodríguez 0-0: SINGLE (Line Drive, 8RS)
Batting: LHB Chad Armstrong 0-0: Foul Ball, location: 2F
0-1: Ball
1-1: Called Strike
1-2: Foul Ball, location: 2F
1-2: Strikes out looking
Batting: RHB Bob Heller 0-0: Foul Ball, location: 2F
0-1: Swinging Strike
0-2: Foul Ball, location: 2F
0-2: Foul Ball, location: 2F
0-2: Ball
1-2: Ball
2-2: Ball
3-2: Fly out, F6 (Popup, 5DF)
Pinch Hitting: RHB Wilfred McLaughlin 0-0: Ball
1-0: Swinging Strike
1-1: Fielders Choice at 2nd, U6 (Groundball, 6M)
Top of the 9th over - 0 run(s), 1 hit(s), 0 error(s), 1 left on base; Boston 2 - California 4
This league is powered by Out of the Park Baseball, the baseball management simulation game for PC, Mac and Linux
Monday, May 4th, 2015 - OOTP Baseball 15.6 Build 34